 Dungeon Crawl Stone Soup version 0.27.0-1-g7a089689b8 (webtiles) character file.

Game seed: 12899844900657248959

151 Descartes the Ducker (level 5, 0/36 HPs)
             Began as a Felid Monk on Aug 1, 2021.
             Succumbed to a scorpion's poison
             ... on level 4 of the Dungeon.
             The game lasted 00:04:30 (4651 turns).

Descartes the Ducker (Felid Monk)                   Turns: 4651, Time: 00:04:31

Health: 0/36       AC: 22    Str:  8    XL:     5   Next: 10%
Magic:  6/6        EV:  4    Int: 12    God:
Gold:   148        SH:  0    Dex: 18    Spells: 4/4 levels left
                                        Lives:  0   Deaths: 1

rFire    . . .     SeeInvis +     - Unarmed
rCold    . . .     Faith    .   (shield unavailable)
rNeg     + + +     Spirit   .   (armour unavailable)
rPois    +         Reflect  .   (helmet unavailable)
rElec    .         Harm     .   (cloak unavailable)
rCorr    .         Rampage  .   (gloves unavailable)
Will     .....     NoTele   +   (boots unavailable)
Stlth    +++.......             (no amulet)
HPRegen  0.12/turn              (no ring)
MPRegen  0.10/turn              (no ring)

@: lethally poisoned (0 -> -4), tree-form
A: stationary, stasis, torment immunity, boosted hp, very small, (claws 1),
(fangs 3), see invisible, (speed 1), (shaggy fur 1), (stealthy paws), no weapons
or thrown items, no armour, multi-lived
a: no special abilities


You were on level 4 of the Dungeon.
You were a tree.
You visited 1 branch of the dungeon, and saw 4 of its levels.

You collected 148 gold pieces.

Inventory:

Wands
 e - a wand of polymorph (4)
Scrolls
 a - 4 scrolls of enchant armour {unknown}
 b - 2 scrolls of identify {unknown}
 c - a scroll of fog {unknown}
 d - a scroll of blinking {unknown}
 f - a scroll of holy word {unknown}
 g - a scroll of immolation {unknown}
 j - a scroll of teleportation {unknown}
 m - a scroll of acquirement {unknown}
Potions
 h - a potion of haste {unknown}
 i - a potion of flight {unknown}
 k - a potion of degeneration {unknown}
 l - a potion of lignification


   Skills:
 - Level 3.0 Fighting
 + Level 6.0 Dodging
 + Level 5.5 Stealth
 + Level 4.5 Unarmed Combat


You had 4 spell levels left.
You didn't know any spells.
Your spell library contained the following spells:

 Spells                   Type           Power      Damage    Failure   Level
 Animate Skeleton         Necr           0%         N/A       32%         1
 Pain                     Necr           0%         1d4       32%         1
 Sandblast                Erth           0%         2d4       32%         1
 Passwall                 Tmut/Erth      0%         N/A       45%         2
 Vampiric Draining        Necr           0%         2d6       69%         3
 Lee's Rapid Deconstruct  Erth           0%         3d5*      100%        5


Dungeon Overview and Level Annotations

Branches:
Dungeon (4/15)
 Temple: D:4-7

Altars:
Qazlal
Yredelemnul

Shops:
D:2 (

Annotations:
D:2 Sigmund
D:3 2 transporters


Innate Abilities, Weirdness & Mutations

You are a tree.
Your roots penetrate the ground, keeping you stationary.
You cannot be teleported.
You are immune to unholy pain and torment.
Your maximum health is greatly increased.
((You have sharp claws.))
((You have razor-sharp teeth.))
You have supernaturally acute eyesight. (SInv)
((You cover ground quickly. (Speed+)))
((You are covered in fur. (AC +1)))
((Your paws help you pounce on unaware monsters.))
You are incapable of wielding weapons or throwing items.
You cannot wear armour.
You gain extra lives every three experience levels.


Message History

You bite the scorpion, but do no damage.
The scorpion is heavily wounded.
The scorpion completely misses you.
You scratch the scorpion.
The scorpion is severely wounded.
The scorpion stings you.
You are poisoned.
The scorpion poisons you!
You scratch the scorpion but do no damage.
The scorpion is severely wounded.
You feel very sick. The scorpion stings you. x2
* * * LOW HITPOINT WARNING * * *
You are too injured to fight recklessly!
You are too injured to fight recklessly!
You are too injured to fight recklessly!
You are too injured to fight recklessly!
You are too injured to fight recklessly!
You are too injured to fight recklessly!
You scratch the scorpion.
The scorpion is severely wounded.
* * * LOW HITPOINT WARNING * * *
You feel sick. The scorpion barely misses you.
You scratch the scorpion.
The scorpion is severely wounded.
* * * LOW HITPOINT WARNING * * *
You feel sick. The scorpion completely misses you.
It was a potion of lignification.
You turn into a tree.
Your roots penetrate the ground.
* * * LOW HITPOINT WARNING * * *
You feel sick.
The scorpion stings you but does no damage.
You hit the scorpion.
The scorpion is almost dead.
* * * LOW HITPOINT WARNING * * *
You feel sick.
The scorpion stings you but does no damage.
You barely miss the scorpion.
The scorpion is almost dead.
You die...

#....... ##..........
##....... #..........#
#....)... #..........
#........ #....>....#
##........
#.........####....†....
#........###..#........
#.......##..###.......#
#....s♣.....# ###....##
#............# ######
#.≈≈≈≈≈≈≈≈≈..#
#.≈.......≈..#
..≈.≈≈≈≈≈.≈..#
..≈.≈_..≈.≈..#
#.≈.≈≈≈.≈.≈.##
#.≈.....≈...# .


You could see a scorpion.

Vanquished Creatures
  Crazy Yiuf (D:3)
  A bullfrog skeleton (D:4)
  Jessica (D:2)
  Natasha (thrice) (D:2)
  3 adders
  A worm (D:4)
  4 dart slugs
  2 orcs
  5 bats (D:1)
  3 endoplasms
  2 giant cockroaches
  5 goblins
  A hobgoblin (D:3)
  11 jackals
  7 ball pythons
  2 frilled lizards
  A kobold (D:4)
  2 rats (D:1)
  A bush (D:3)
56 creatures vanquished.

Vanquished Creatures (others)
  A fungus (D:3)
1 creature vanquished.

Grand Total: 57 creatures vanquished

Notes
Turn   | Place    | Note
-------+----------+-------------------------------------------
     0 | D:1      | Descartes the Felid Monk began the quest for the Orb.
     0 | D:1      | Reached XP level 1. HP: 10/10 MP: 2/2
   305 | D:1      | Reached XP level 2. HP: 14/14 MP: 3/3
  1057 | D:1      | Reached XP level 3. HP: 12/17 MP: 4/4
  1743 | D:2      | Noticed Natasha
  1748 | D:2      | Killed Natasha
  1753 | D:2      | Reached skill level 5 in Dodging
  1925 | D:2      | Noticed Jessica
  1950 | D:2      | Noticed Natasha
  1972 | D:2      | Found Hium's Antique Weapon Emporium.
  1984 | D:2      | Killed Jessica
  1985 | D:2      | Reached XP level 4. HP: 21/21 MP: 5/5
  1992 | D:2      | Killed Natasha
  2149 | D:2      | Noticed Natasha
  2158 | D:2      | Killed Natasha
  2159 | D:2      | Reached XP level 5. HP: 24/24 MP: 6/6
  2177 | D:2      | Noticed Sigmund
  2775 | D:3      | Found a transporter.
  2898 | D:3      | Noticed a golden eye
  2905 | D:3      | Found a faded altar of an unknown god.
  2907 | D:3      | Noticed a shining eye
  2907 | D:3      | Noticed a shining eye
  2907 | D:3      | Noticed a floating eye
  2930 | D:3      | Reached skill level 5 in Stealth
  3069 | D:3      | Found a transporter.
  3572 | D:3      | Found a runed translucent door.
  3573 | D:3      | Noticed Crazy Yiuf
  3588 | D:3      | Killed Crazy Yiuf
  3855 | D:4      | Noticed an ice beast
  3869 | D:4      | Found a stormy altar of Qazlal.
  4060 | D:4      | Mangled by an ice beast
  4061 | D:4      | Reached XP level 4. HP: -6/21 MP: 5/5
  4254 | D:4      | Reached skill level 6 in Dodging
  4254 | D:4      | Reached XP level 5. HP: 7/24 MP: 6/6
  4632 | D:4      | Found a basalt altar of Yredelemnul.
  4650 | D:4      | HP: 1/36 [poisoned by a scorpion]
  4651 | D:4      | Succumbed to a scorpion's poison

Illustrated notes

Levels and vault maps discovered:
D:1:      minmay_arrival_open_corners, layout_basic
D:2:      layout_basic, serial_shops, nicolae_shop_behind_doors, uniq_jessica,
          uniq_sigmund, uniq_natasha
D:3:      gammafunk_steamed_eel, layout_basic,
          hellmonk_ecumenical_altar_watching_god, uniq_crazy_yiuf_cottage
D:4:      layout_cave_pods, overflow_temple_1_default,
          mainiacjoe_overflow_catwalk_spiral, minmay_three_crescents,
          uniq_edmund

Skill      XL: |  1  2  3  4  5 |
---------------+----------------+-----
Stealth        | 3 4 5 |  5.5
Dodging        | 5 6 |  6.0
Unarmed Combat | 4 |  4.5
Fighting       | |  3.0

Action                   |  1- 3 |  4- 6 || total
-------------------------+-------+-------++-------
Melee: Unarmed           |   100 |   229 ||   329
       Bite              |     6 |    30 ||    36
       Punch             |     1 |     8 ||     9
  Use: Potion            |       |     1 ||     1
 Stab: Sleeping          |     7 |     4 ||    11
Armor: Skin              |     4 |     4 ||     8
Dodge: Dodged            |   103 |    54 ||   157
